 Dungeon Sprint DCSS version 0.30.1-9-gdf580d7c3d (webtiles) character file.

Game seed: 7735318919579803649

676 Heoruswealwe the Spear-Bearer (level 7, -1/73 HPs)
             Began as a Minotaur Fighter on Oct 5, 2023.
             Was an Initiate of Gozag.
             Slain by a sixfirhy (9 damage)
             ... summoned by a kobold demonologist
             ... in the Dungeon (Sprint IX: "|||||||||||||||||||||||||||||").
             The game lasted 00:03:40 (172 turns).

Heoruswealwe the Spear-Bearer (Minotaur Fighter)     Turns: 172, Time: 00:03:41

Health: -1/73      AC: 13    Str: 23    XL:     7   Next: 33%
Magic:  6/6        EV: 10    Int:  5    God:    Gozag
Gold:   0          SH:  0    Dex:  9    Spells: 6/6 levels left

rFire   . . .        b - +7 lajatang of Order {silver, rMut}
rCold   . . .        (shield currently unavailable)
rNeg    . . .        c - +1 scale mail
rPois   .            (helmet restricted)
rElec   .            (no cloak)
rCorr   .            (no gloves)
SInv    .            e - +0 pair of boots
Will    .....        (no amulet) Stlth
                     k - +2 ring of protection
HPRegen 0.32/turn    (no ring)
MPRegen 0.10/turn

%: no teleportation, resist mutation
@: gold aura
A: horns 2, retaliatory headbutt
a: Renounce Religion, Potion Petition, Call Merchant, Bribe Branch


You were in the Dungeon.
You worshipped Gozag.
Gozag was noncommittal.
You visited 1 branch

Inventory:

Hand Weapons
 a - a +0 trident
 b - the +7 lajatang of Order (weapon) {silver, rMut}
   (You found it in the Dungeon)

   rMut:      It protects you from mutation.
Armour
 c - a +1 scale mail (worn)
 d - a +0 buckler
 e - a +0 pair of boots (worn)
Jewellery
 k - a +2 ring of protection (left hand)
Wands
 h - a wand of acid (10)
Scrolls
 j - 2 scrolls of blinking
Potions
 f - a potion of heal wounds
 g - a potion of haste
 i - a potion of berserk rage
 l - a potion of might
 m - 5 potions of curing


   Skills:
 + Level 10.3 Fighting
 * Level 13.6 Polearms
 + Level 10.3 Armour
 - Level 3.6 Shields


You had 6 spell levels left.
You didn't know any spells.
Your spell library was empty.

Dungeon Overview and Level Annotations

Branches:
Dungeon (1/1)

Altars:
Cheibriados
Dithmenos
Elyvilon
Fedhas
Gozag
Hepliaklqana
Kikubaaqudgha
Makhleb
Nemelex Xobeh
Okawaru
Qazlal
Ru
Sif Muna
Trog
Uskayaw
Vehumet
Wu Jian
Xom
Yredelemnul
Zin
The Shining One
Jiyva
Lugonu


Innate Abilities, Weirdness & Mutations

You have a pair of horns on your head.
You reflexively headbutt those who attack you in melee.


Message History

The rust devil is no longer distracted by gold.
Something hits you but does no damage. Something hits you!
The kobold demonologist mumbles some strange words.
The gnoll sergeant shouts!
You slash something! Something hits you but does no damage. Something hits you.
You miss something.
Something hits you but does no damage. x2
You miss something.
The gnoll sergeant is no longer distracted by gold.
Something hits you but does no damage. Something hits you!
You slash something! Your headbutt misses something. Something hits you.
* * * LOW HITPOINT WARNING * * *
Something hits you but does no damage.
You feel much better.
The rust devil disappears in a puff of smoke!
Something hits you.
You slice something!!
Reactivating autopickup.
You feel a bit more experienced. The sixfirhy closely misses you. x2
You furiously retaliate!
You headbutt the sixfirhy! The sixfirhy closely misses you.
Your Fighting skill increases to level 10!
Your Polearms skill increases to level 13!
Your Armour skill increases to level 10!
You have reached level 7!
You barely miss the sixfirhy.
The sixfirhy is moderately wounded.
The kobold demonologist is distracted by your dazzling golden aura.
You barely miss the sixfirhy.
The sixfirhy is moderately wounded.
The kobold demonologist shouts!
You barely miss the sixfirhy.
The sixfirhy is moderately wounded.
The sixfirhy hits you. The sixfirhy shocks you! The sixfirhy hits you.
The sixfirhy shocks you!
* * * LOW HITPOINT WARNING * * *
The sixfirhy hits you.
* * * LOW HITPOINT WARNING * * *
The sixfirhy shocks you!
You die...
Your body crumbles into a pile of gold. $$$$ $$$$$ $ $ $ $$$$$ $ ▓▓▓▓▓▓▓▓▓▓▓▓▓▓▓▓▓▓▓▓▓▓▓ _____'!?)[[=...'@3Kg..+ ▓▓▓▓▓▓▓▓▓▓▓▓▓▓▓▓▓▓▓▓▓▓▓

You could see a kobold demonologist, a sixfirhy (summoned) and a gnoll sergeant.

Vanquished Creatures
  An unseen horror (D)
  A yak (D)
  An orc warrior (D)
  A killer bee (D)
  3 hounds (D)
  An iguana (D)
  An orc (D)
  A goblin (D)
  A ball python (D)
  A frilled lizard (D)
  A kobold (D)
  A rat (D)
14 creatures vanquished.

Notes
Turn   | Place    | Note
-------+----------+-------------------------------------------
     0 | D        | Heoruswealwe the Minotaur Fighter began the quest for the
                  | Orb.
     0 | D        | Reached XP level 1. HP: 19/19 MP: 0/0
    13 | D        | Reached skill level 3 in Polearms
    29 | D        | Noticed a hound
    29 | D        | Noticed a hound
    29 | D        | Noticed a hound
    29 | D        | Noticed an iguana
    32 | D        | Killed a hound
    33 | D        | Reached skill level 5 in Fighting
    33 | D        | Reached skill level 5 in Polearms
    33 | D        | Reached skill level 5 in Armour
    33 | D        | Reached XP level 2. HP: 29/29 MP: 1/1
    33 | D        | Reached XP level 3. HP: 36/36 MP: 2/2
    37 | D        | Reached skill level 6 in Polearms
    41 | D        | Reached skill level 7 in Polearms
    41 | D        | Reached XP level 4. HP: 16/45 MP: 3/3
    49 | D        | Reached skill level 8 in Polearms
    55 | D        | Found a snail-covered altar of Cheibriados.
    55 | D        | Found a shadowy altar of Dithmenos.
    55 | D        | Found a white marble altar of Elyvilon.
    55 | D        | Found a blossoming altar of Fedhas.
    55 | D        | Found an opulent altar of Gozag.
    56 | D        | Found a hazy altar of Hepliaklqana.
    57 | D        | Found a viscous altar of Jiyva.
    58 | D        | Found an ancient bone altar of Kikubaaqudgha.
    59 | D        | Found a corrupted altar of Lugonu.
    60 | D        | Found a burning altar of Makhleb.
    61 | D        | Found a sparkling altar of Nemelex Xobeh.
    62 | D        | Found an iron altar of Okawaru.
    63 | D        | Became a worshipper of Gozag Ym Sagoz the Greedy
    64 | D        | Found a stormy altar of Qazlal.
    65 | D        | Found a sacrificial altar of Ru.
    66 | D        | Found a shimmering blue altar of Sif Muna.
    67 | D        | Found a bloodstained altar of Trog.
    68 | D        | Found a hide-covered altar of Uskayaw.
    69 | D        | Found a radiant altar of Vehumet.
    70 | D        | Found an ornate altar of the Wu Jian Council.
    71 | D        | Found a shimmering altar of Xom.
    72 | D        | Found a basalt altar of Yredelemnul.
    73 | D        | Found a glowing silver altar of Zin.
    74 | D        | Found a glowing golden altar of the Shining One.
    82 | D        | Found the +7 lajatang of Order {silver, rMut}
   147 | D        | Noticed an orc warrior
   147 | D        | Noticed a yak
   147 | D        | Noticed a kobold demonologist
   147 | D        | Noticed a gnoll sergeant
   153 | D        | Killed an orc warrior
   154 | D        | Reached skill level 10 in Polearms
   154 | D        | Reached XP level 5. HP: 45/53 MP: 4/4
   155 | D        | Noticed a rust devil
   158 | D        | Killed a yak
   159 | D        | Reached skill level 11 in Polearms
   159 | D        | Reached XP level 6. HP: 41/63 MP: 5/5
   162 | D        | Reached skill level 12 in Polearms
   164 | D        | Noticed a sixfirhy
   169 | D        | Killed an unseen horror
   170 | D        | Reached skill level 10 in Fighting
   170 | D        | Reached skill level 13 in Polearms
   170 | D        | Reached skill level 10 in Armour
   170 | D        | Reached XP level 7. HP: 42/73 MP: 6/6
   172 | D        | Slain by a sixfirhy

Illustrated notes

Levels and vault maps discovered:
D:        linesprint [early_d, line_temple, items_1, d_10, items_2, lair_1,
          lair_end, items_3, orc_1, orc_end, items_4, d_15, swamp_1, shoals_1,
          snake_1, spider_1, d_20, vaults_1, items_5, swamp_end, shoals_end,
          snake_end, spider_end, vaults_end, d_27, items_6, zot_1, zot_end,
          crypt_end, forest_end, elf_end, slime_end, tomb_end, abyss_end,
          pan_hell_end]

Skill      XL: |  1  2  3  4  5  6 |
---------------+-------------------+-----
Polearms       | 5 7 10 11 13 | 13.6
Fighting       | 5 6 7 9 10 | 10.3
Armour         | 5 6 7 8 10 | 10.3
Shields        | |  3.6

Action                     |  1- 3 |  4- 6 |  7- 9 || total
---------------------------+-------+-------+-------++-------
  Melee: Trident           |    23 |     7 |       ||    30
         Headbutt          |     2 |     3 |       ||     5
         Lajatang          |       |    19 |     3 ||    22
    Use: Potion            |       |     2 |       ||     2
 Armour: Scale mail        |     5 |    11 |       ||    16
  Dodge: Dodged            |     8 |    11 |       ||    19
  Block: Buckler           |     3 |       |       ||     3
